 Dungeon Crawl Stone Soup version 0.29.1-13-g9f3cf754e1 (webtiles) character file.

Game seed: 10544174961630529416

10403 unlimited1921 the Cleaver (level 11, -10/101 HPs)
             Began as a Minotaur Fighter on Jan 30, 2023.
             Was an Initiate of Gozag.
             Mangled by a death yak (12 damage)
             ... led by a torpor snail
             ... on level 1 of the Lair of Beasts.
             The game lasted 01:04:00 (18508 turns).

unlimited1921 the Cleaver (Minotaur Fighter)       Turns: 18508, Time: 01:04:03

Health: -10/101    AC:  9    Str: 24    XL:     11   Next: 35%
Magic:  26/26      EV: 13    Int:  5    God:    Gozag
Gold:   1302       SH: 10    Dex: 11    Spells: 20/20 levels left

rFire   + . .      SeeInvis .   O - +2 war axe
rCold   . . .      Faith    .   c - +0 buckler
rNeg    . . .      Spirit   .   y - +3 leather armour {rF+}
rPois   +          Reflect  +   (helmet restricted)
rElec   .          Harm     .   s - +1 cloak {rPois}
rCorr   .          Rampage  .   (no gloves)
Will    .....                   (no boots)
Stlth   ++........              S - amulet of reflection
HPRegen 0.26/turn               j - ring of flight
MPRegen 0.20/turn               M - ring of magical power

@: gold aura, flying
A: horns 2, retaliatory headbutt
a: Renounce Religion, Potion Petition, Call Merchant, Bribe Branch


You were on level 1 of the Lair of Beasts.
You worshipped Gozag.
Gozag was most pleased with you.
You visited 3 branches of the dungeon, and saw 12 of its levels.

You collected 1412 gold pieces.
You paid 110 gold pieces to Gozag.

Inventory:

Hand Weapons
 a - the +5 falchion "Defapt" {vorpal, *Slow rN+++ Will+ rCorr}
   (You found it on level 7 of the Dungeon)

   It inflicts extra damage upon your enemies.
   rN:        It renders you almost immune to negative energy.
   rCorr:     It protects you from acid and corrosion.
   *Slow:     It may slow you when you take damage.
   Will:      It increases your willpower.
 b - a +1 whip of holy wrath
 i - a +2 trident of protection
 p - a +0 arbalest
 z - a +4 scimitar
 F - a +2 short sword of venom
 G - a +2 vorpal long sword
 J - a +3 long sword of freezing
 O - a +2 war axe (weapon)
 R - a +0 flail of venom
 T - a +2 flail of protection
 X - a +2 vorpal hand axe
Missiles
 o - 21 poisoned darts
 B - 10 curare-tipped darts
Armour
 c - a +0 buckler (worn)
 s - a +1 cloak of poison resistance (worn)
 u - a +2 robe of the Archmagi
 y - a +3 leather armour of fire resistance (worn)
 L - a +4 ring mail
Jewellery
 j - a ring of flight (left hand)
 l - an amulet of guardian spirit
 n - an amulet of magic regeneration
 t - a ring of ice
 M - a ring of magical power (right hand)
 S - an amulet of reflection (around neck)
Wands
 H - a wand of flame (6)
 V - a wand of roots (7) (quivered)
Scrolls
 e - 2 scrolls of magic mapping
 f - 2 scrolls of blinking {unknown}
 g - 2 scrolls of poison
 h - 4 scrolls of amnesia
 k - 7 scrolls of teleportation
 m - 3 scrolls of torment {unknown}
 q - a scroll of fear
 v - a scroll of brand weapon
 w - 2 scrolls of vulnerability {unknown}
 D - 2 scrolls of noise {unknown}
 E - a scroll of enchant weapon
 I - 3 scrolls of fog
 W - a scroll of enchant armour
Potions
 d - 2 potions of might
 r - a potion of lignification {unknown}
 x - a potion of cancellation
 C - a potion of resistance
 K - a potion of flight
 N - 2 potions of heal wounds {unknown}
 Q - a potion of ambrosia
 U - a potion of invisibility {unknown}


   Skills:
 - Level 10.7 Fighting
 - Level 11.6 Axes
 - Level 8.0 Armour
 - Level 5.6 Dodging
 - Level 3.3 Stealth
 - Level 7.0 Shields
 * Level 5.1 Spellcasting
 + Level 1.5 Evocations


You had 20 spell levels left.
You didn't know any spells.
Your spell library contained the following spells:

 Spells                   Type           Power      Damage    Failure   Level
 Apportation              Tloc           2%         N/A       41%         1
 Foxfire                  Conj/Fire      4%         2x1d4     41%         1
 Shock                    Conj/Air       4%         1d3       41%         1
 Sting                    Tmut/Pois      4%         1d3       41%         1
 Poisonous Vapours        Pois/Air       2%         N/A       56%         2
 Sublimation of Blood     Necr           1%         N/A       56%         2
 Conjure Flame            Conj/Fire      1%         6-21      80%         3
 Inner Flame              Hex/Fire       1%         N/A       80%         3
 Swiftness                Air            1%         N/A       80%         3
 Airstrike                Air            0%         2d(1-17)  99%         4
 Dispel Undead            Necr           1%         3d6       99%         4
 Flame Wave               Conj/Fire      1%         2d4       99%         4
 Leda's Liquefaction      Hex/Erth       0%         N/A       99%         4
 Olgreb's Toxic Radiance  Pois           1%         N/A       99%         4
 Petrify                  Tmut/Erth      1%         N/A       99%         4
 Alistair's Intoxication  Tmut/Pois      0%         N/A       100%        5
 Irradiate                Conj/Tmut      0%         3d11      100%        5
 Lee's Rapid Deconstruct  Erth           0%         3d5*      100%        5
 Death Channel            Necr           0%         N/A       100%        6
 Statue Form              Tmut/Erth      0%         N/A       100%        6
 Corpse Rot               Necr/Pois/Air  Unusable   N/A       N/A         4

Dungeon Overview and Level Annotations

Branches:
Dungeon (9/15)             Temple (1/1) D:6            Lair (2/5) D:8
 Spider (0/4) Lair:2
  Swamp: Lair:2-3    Shoals: Lair:2-3       Orc: D:9-12

Altars:
Ashenzari
Cheibriados
Dithmenos
Elyvilon
Fedhas
Gozag
Hepliaklqana
Kikubaaqudgha
Makhleb
Nemelex Xobeh
Okawaru
Qazlal
Ru
Sif Muna
Trog
Uskayaw
Vehumet
Wu Jian
Xom
Yredelemnul
Zin
The Shining One

Annotations:
Lair:2 Erica


Innate Abilities, Weirdness & Mutations

You have a pair of horns on your head.
You reflexively headbutt those who attack you in melee.


Message History

There is a stone staircase leading down here.
You barely miss the death yak. You headbutt the death yak!
The death yak is moderately wounded.
You slash the yak!
You kill the yak!
You slash the death yak! Your headbutt misses the death yak.
The death yak is heavily wounded.
The death yak gores you!!
You hit the death yak. Your headbutt misses the death yak.
The death yak is heavily wounded.
The death yak gores you!
You slash the death yak!
The death yak is severely wounded.
The death yak gores you!!
* * * LOW HITPOINT WARNING * * *
Aiming: Throw Flame
Press: ? - help, Q - select action, (/) - cycle Shift-Dir - straight line, f - death yak
Aim: a death yak (severely wounded, 90% to hit)
The puff of flame hits the death yak but does no damage.
The death yak is severely wounded.
The death yak gores you!
* * * LOW HITPOINT WARNING * * *
You feel better.
The death yak gores you but does no damage.
Aiming: Fastroot
Press: ? - help, Q - select action, (/) - cycle Shift-Dir - straight line, f/p - death yak
Aim: a death yak (severely wounded)
The roots erupt in riotous growth!
Roots grab the death yak.
The grasping roots constrict the death yak, but do no damage.
The death yak gores you!!
* * * LOW HITPOINT WARNING * * *
Aiming: Fastroot
Press: ? - help, Q - select action, (/) - cycle Shift-Dir - straight line, f - you, p - death yak The roots erupt in riotous growth!
The death yak is unaffected.
The grasping roots constrict the death yak.
The roots release their grip on the death yak.
The death yak gores you!
You die...
Your body crumbles into a pile of gold.

### . ##.####### ..##
###........# ..#
##.+.......##
#####+.###..#.......#
#........#.#.....Y..#
#.......#.......@$..#
#.......#..##.......#
#.......'.###.......#
#.......### #.......#
#.......## #P.......#
P........# ##.......#
'.......## #.......#
#.......## #####+###
#........# ##.#


You could see a death yak.

Vanquished Creatures
  A two-headed ogre (D:9)
  A death yak (Lair:1)
  2 cane toads (Lair:1)
  A komodo dragon (Lair:1)
  A rime drake (Lair:1)
  5 blink frogs (Lair:1)
  Prince Ribbit (D:6)
  4 wyverns
  7 yaks
  Eustachio (D:4)
  2 steam dragons
  8 water moccasins
  An acid dragon (D:8)
  2 ice beasts
  3 orc warriors
  A sky beast (D:8)
  3 black bears
  An ogre (D:7)
  2 centaurs
  2 phantoms
  6 kobold brigands
  5 bullfrogs
  A gnoll sergeant (D:7)
  4 scorpions
  18 wights
  A killer bee (D:9)
  2 howler monkeys (D:9)
  An electric eel (D:8)
  5 hounds
  3 orc priests
  2 jellies
  Crazy Yiuf (D:2)
  A gnoll bouda (D:7)
  7 iguanas
  Robin (D:2)
  8 adders
  9 gnolls (D:7)
  5 white imps
  A worm (D:4)
  A dart slug (D:1)
  24 orcs
  6 bats
  8 endoplasms
  A giant cockroach (D:3)
  13 goblins
  10 hobgoblins
  3 jackals
  2 quokkas
  3 ball pythons
  3 frilled lizards
  23 kobolds
  4 rats
  4 bushes (D:6)
235 creatures vanquished.

Vanquished Creatures (others)
  11 demonic plants (D:1)
  13 fungi
  32 plants
  3 withered plants (D:1)
59 creatures vanquished.

Grand Total: 294 creatures vanquished

Notes
Turn   | Place    | Note
-------+----------+-------------------------------------------
     0 | D:1      | unlimited1921 the Minotaur Fighter began the quest for the
                  | Orb.
     0 | D:1      | Reached XP level 1. HP: 19/19 MP: 0/0
   137 | D:1      | Reached XP level 2. HP: 24/27 MP: 1/1
   169 | D:1      | Found a faded altar of an unknown god.
   997 | D:2      | Noticed Robin
  1008 | D:1      | Reached XP level 3. HP: 27/33 MP: 2/2
  1104 | D:2      | Killed Robin
  1105 | D:2      | Reached skill level 3 in Axes
  1780 | D:2      | You are sucked into a shaft and drop 1 floor!
  1888 | D:3      | Reached XP level 4. HP: 40/40 MP: 3/3
  2420 | D:2      | Found a runed translucent door.
  2421 | D:2      | Noticed Crazy Yiuf
  2431 | D:2      | Killed Crazy Yiuf
  2432 | D:2      | Reached skill level 5 in Armour
  2432 | D:2      | Reached skill level 1 in Dodging
  3002 | D:3      | Found a faded altar of an unknown god.
  3004 | D:3      | Found a faded altar of an unknown god.
  3004 | D:3      | Found a hazy altar of Hepliaklqana.
  3139 | D:3      | Reached skill level 4 in Axes
  3139 | D:3      | Reached XP level 5. HP: 41/46 MP: 4/4
  3453 | D:4      | Noticed a phantom
  3462 | D:4      | Killed a phantom
  3637 | D:4      | Reached skill level 5 in Axes
  3637 | D:4      | Reached XP level 6. HP: 24/53 MP: 5/5
  4631 | D:4      | Noticed Eustachio
  4816 | D:4      | Killed Eustachio
  5323 | D:5      | Entered Level 5 of the Dungeon
  5330 | D:5      | Reached XP level 7. HP: 60/60 MP: 6/6
  5340 | D:5      | Reached skill level 5 in Fighting
  5340 | D:5      | Reached skill level 6 in Axes
  5726 | D:5      | Reached skill level 1 in Stealth
  6050 | D:5      | Reached XP level 8. HP: 60/70 MP: 7/7
  6225 | D:5      | Noticed Prince Ribbit
  6266 | D:6      | Killed Prince Ribbit
  6267 | D:6      | Reached skill level 7 in Axes
  6267 | D:6      | Reached skill level 5 in Shields
  6777 | D:5      | Found a white marble altar of Elyvilon.
  6842 | D:5      | Found a bloodstained altar of Trog.
  7270 | D:6      | Reached skill level 8 in Axes
  7569 | D:6      | Reached XP level 9. HP: 54/79 MP: 8/8
  7682 | D:6      | Found a sacrificial altar of Ru.
  8079 | D:6      | Found a blossoming altar of Fedhas.
  8252 | D:6      | Reached skill level 9 in Axes
  8481 | D:6      | Found a staircase to the Ecumenical Temple.
  8865 | Temple   | Entered the Ecumenical Temple
  8885 | Temple   | Became a worshipper of Gozag Ym Sagoz the Greedy
  9689 | D:7      | Found an ancient bone altar of Kikubaaqudgha.
  9890 | D:7      | Identified the +5 falchion "Defapt" {vorpal, *Slow rN+++
                  | Will+ rCorr}
 10213 | D:7      | Reached skill level 1 in Spellcasting
 10624 | D:7      | Reached skill level 10 in Axes
 10720 | D:8      | Found a sparkling altar of Nemelex Xobeh.
 10865 | D:8      | Reached skill level 5 in Dodging
 11028 | D:7      | Found a stormy altar of Qazlal.
 11028 | D:7      | Found a glowing golden altar of the Shining One.
 11237 | D:7      | Reached XP level 10. HP: 65/91 MP: 11/11
 11523 | D:8      | Found a shadowy altar of Dithmenos.
 11959 | D:8      | Found a basalt altar of Yredelemnul.
 12726 | D:8      | Found a staircase to the Lair.
 13620 | D:1      | You are sucked into a shaft and drop 1 floor!
 15280 | D:8      | Reached skill level 11 in Axes
 15514 | D:8      | Reached skill level 10 in Fighting
 16378 | D:9      | Found a broken altar of Ashenzari.
 16559 | D:9      | Found a hide-covered altar of Uskayaw.
 17231 | D:9      | Noticed a two-headed ogre
 17240 | D:9      | Killed a two-headed ogre
 17523 | Lair:1   | Entered Level 1 of the Lair of Beasts
 17532 | Lair:1   | Reached XP level 11. HP: 89/101 MP: 14/14
 17685 | Lair:2   | Noticed a death yak
 17685 | Lair:2   | Found a hole to the Spider Nest.
 17704 | Lair:2   | Noticed a death yak
 17716 | Lair:1   | Killed a death yak
 17717 | Lair:1   | Reached skill level 1 in Evocations
 18158 | Lair:1   | Reached skill level 5 in Spellcasting
 18495 | Lair:2   | Noticed Erica
 18507 | Lair:1   | HP: 1/101 [death yak[a torpor snail] (22)]
 18508 | Lair:1   | Mangled by a death yak

Illustrated notes

Levels and vault maps discovered:
D:1:      dpeg_arrival_boxorama, layout_basic, shapermc_ecumenical_altar_gd,
          chequers_serial_rivers_small_a
D:2:      layout_loops_ring, uniq_robin, uniq_crazy_yiuf_cottage
D:3:      layout_loops_ring, nicolae_hepliaklqana_ecumenical_no_more,
          kennysheep_donut, st_stairs_10
D:4:      layout_loops_ring, roderic_serpentine_path, serial_bayou_ford_a,
          uniq_eustachio
D:5:      layout_rooms, kennysheep_mini, mainiacjoe_overflow_catwalk,
          uniq_prince_ribbit1
D:6:      layout_loops_corners, mainiacjoe_overflow_six_doors_small,
          fedhas_bush_and_centaur_altar, temple_pool_b,
          nicolae_concentric_dashed_squares_wild
D:7:      layout_loops_ring, amcnicky_altar_gilded,
          gammafunk_temple_overflow_pools
D:8:      layout_cave_pools, mainiacjoe_overflow_large_starburst,
          lemuel_round_altar, minmay_lair_entry_grove,
          kennysheep_big_empty_room, grunt_ministairs_8
D:9:      layout_roguey, mainiacjoe_overflow_24_doors, ashenzari_altar_1,
          dk_noncrumbling_4, st_stairs_8, blue_anna_alchemist
Temple:   chequers_temple_sunken
Lair:1:   layout_roguey
Lair:2:   layout_small_grid, minmay_shoals_entry_beasts, spider_nest_entry_a,
          ldierk_geyser, grunt_megastairs_3, uniq_erica

Skill      XL: |  1  2  3  4  5  6  7  8  9 10 11 |
---------------+----------------------------------+-----
Armour         | 4 5 6 7 8 |  8.0
Axes           | 3 4 5 6 8 10 11 | 11.6
Fighting       | 4 5 7 9 10 | 10.7
Dodging        | 1 2 4 5 |  5.6
Shields        | 4 5 6 7 |  7.0
Stealth        | 1 2 3 |  3.3
Spellcasting   | 1 3 5 |  5.1
Evocations     | 1 |  1.5

Action                   |  1- 3 |  4- 6 |  7- 9 | 10-12 || total
-------------------------+-------+-------+-------+-------++-------
Melee: War axe           |    94 |   116 |   384 |   241 ||   835
       Headbutt          |    17 |    23 |    94 |    62 ||   196
Evoke: Wand              |       |       |       |     8 ||     8
  Use: Potion            |     2 |       |       |     1 ||     3
       Scroll            |       |     1 |     8 |     4 ||    13
 Stab: Sleeping          |       |       |     1 |     3 ||     4
       Distracted        |       |       |     1 |     1 ||     2
Armor: Scale mail        |    46 |    54 |       |       ||   100
       Leather armour    |       |       |    93 |    41 ||   134
Dodge: Dodged            |    48 |    59 |   176 |    84 ||   367
Block: Buckler           |    16 |    28 |    75 |   100 ||   219
       Reflection        |       |       |     1 |     3 ||     4
